[ AOE2 MATCH · #505608590 ]
UnrankedIncas vs Italians
Player's team · LOSS
[ REPLAY ANALYSIS · EXTRACTED FROM THE RECORDED GAME ]
Feudal
12:20
Castle
—
Imperial
—
| APM avg | 71.6 |
| APM peak | 98 |
| eAPM avg | 19.1 |
| Villagers / military | 34 / 0 |
Focus
⚔️ 20.0% · 🌾 80.0%
Unknown (2550) ×13
Feudal
8:34
Castle
—
Imperial
—
| APM avg | 72.8 |
| APM peak | 141 |
| eAPM avg | 32.1 |
| Villagers / military | 41 / 28 |
Focus
⚔️ 53.4% · 🌾 46.6%
Archer ×28
Match map
Initial resources + every placement click. Lines = walls · curves = elevation contours. ◆ gold · ⬟ stone · ● berries · ✦ relic · ◌ wall gap
Your base· Open — 8t gap
CORP | Diego_Corsant's base· Open — unwalled flank
Smoothed initial terrain · ◌ = detected wall gap · hover for details
Inputs per minute
— PomPom - - CORP | Diego_Corsant
Build order — PomPom
86 actions detected in the replay
| 0:00 | Create | Villager (Male) |
| 0:01 | Create | Villager (Male) |
| 0:01 | Create | Villager (Male) |
| 0:02 | Build | House |
| 0:04 | Create | Villager (Male) |
| 1:21 | Create | Villager (Male) |
| 1:45 | Build | Barracks |
| 1:51 | Create | Villager (Male) |
| 2:21 | Create | Villager (Male) |
| 2:21 | Create | Villager (Male) |
| 2:21 | Create | Villager (Male) |
| 2:51 | Research | Loom |
| 2:51 | Create | Unit 2550 |
| 3:11 | Create | Villager (Male) |
| 3:22 | Build | House |
| 3:30 | Create | Villager (Male) |
| 3:58 | Create | Villager (Male) |
| 4:20 | Create | Unit 2550 |
| 4:34 | Create | Villager (Male) |
| 4:58 | Create | Villager (Male) |
| 5:11 | Create | Villager (Male) |
| 5:41 | Create | Villager (Male) |
| 6:12 | Create | Villager (Male) |
| 6:19 | Build | Settlement |
| 6:37 | Create | Villager (Male) |
| 6:51 | Create | Villager (Male) |
| 7:15 | Create | Villager (Male) |
| 7:37 | Create | Villager (Male) |
| 7:52 | Build | Settlement |
| 8:02 | Create | Villager (Male) |
| 8:25 | Create | Villager (Male) |
| 8:31 | Build | Settlement |
| 8:49 | Create | Villager (Male) |
| 8:51 | Build | Farm |
| 8:54 | Build | Farm |
| 8:56 | Build | Farm |
| 9:13 | Create | Villager (Male) |
| 9:57 | Build | Settlement |
| 10:10 | Research | Feudal Age |
| 10:16 | Build | Farm |
| 10:19 | Build | Farm |
| 11:08 | Build | House |
| 11:10 | Build | Palisade Wall |
| 11:14 | Create | Unit 2550 |
| 11:15 | Create | Unit 2550 |
| 11:24 | Build | House |
| 11:26 | Build | Palisade Wall |
| 11:32 | Build | Palisade Wall |
| 11:50 | Create | Villager (Male) |
| 12:02 | Create | Unit 2550 |
| 12:08 | Build | Barracks |
| 12:20 | Age | Feudal Age |
| 12:21 | Create | Villager (Male) |
| 12:24 | Research | Tech 1402 |
| 12:29 | Research | Double-Bit Axe |
| 12:29 | Research | Double-Bit Axe |
| 12:47 | Create | Villager (Male) |
| 13:01 | Create | Villager (Male) |
| 13:13 | Create | Villager (Male) |
| 13:17 | Build | Blacksmith |
| 13:20 | Build | House |
| 13:21 | Create | Unit 2550 |
| 13:21 | Create | Unit 2550 |
| 13:23 | Create | Unit 2550 |
| 13:30 | Build | House |
| 13:30 | Build | Palisade Wall |
| 14:01 | Create | Unit 2550 |
| 14:04 | Create | Unit 2550 |
| 14:12 | Create | Villager (Male) |
| 14:19 | Create | Unit 2550 ×2 |
| 14:23 | Research | Scale Mail Armor |
| 14:23 | Research | Scale Mail Armor |
| 14:26 | Build | Palisade Wall |
| 14:32 | Research | Arson |
| 14:32 | Research | Arson |
| 14:41 | Build | House |
| 14:43 | Build | Market |
| 15:08 | Build | Archery Range |
| 15:15 | Research | Forging |
| 15:20 | Create | Unit 2550 |
| 15:47 | Build | House |
| 16:13 | Create | Villager (Male) |
| 16:13 | Create | Villager (Male) |
| 16:15 | Create | Villager (Male) |
| 16:36 | Build | Settlement |
| 16:44 | Build | Farm |
Build order — CORP | Diego_Corsant
128 actions detected in the replay
| 0:00 | Create | Villager (Male) |
| 0:01 | Create | Villager (Male) |
| 0:01 | Create | Villager (Male) |
| 0:01 | Create | Villager (Male) |
| 0:01 | Create | Villager (Male) |
| 0:03 | Build | House |
| 0:05 | Build | House |
| 1:15 | Create | Villager (Male) |
| 1:47 | Create | Villager (Male) |
| 1:48 | Create | Villager (Male) |
| 1:55 | Build | Lumber Camp |
| 2:16 | Create | Villager (Male) |
| 2:16 | Create | Villager (Male) |
| 2:43 | Create | Villager (Male) |
| 2:43 | Create | Villager (Male) |
| 3:06 | Create | Villager (Male) |
| 3:06 | Create | Villager (Male) |
| 3:43 | Create | Villager (Male) |
| 3:43 | Create | Villager (Male) |
| 3:44 | Build | House |
| 4:37 | Create | Villager (Male) |
| 4:37 | Create | Villager (Male) |
| 4:37 | Create | Villager (Male) |
| 5:06 | Build | Mill |
| 5:18 | Create | Villager (Male) |
| 5:33 | Research | Loom |
| 6:24 | Research | Feudal Age |
| 6:24 | Research | Feudal Age |
| 6:39 | Build | Palisade Wall |
| 6:41 | Build | Palisade Wall |
| 8:06 | Build | House |
| 8:08 | Build | Palisade Wall |
| 8:29 | Build | Barracks |
| 8:34 | Age | Feudal Age |
| 8:38 | Create | Villager (Male) |
| 9:00 | Build | Mining Camp |
| 9:10 | Build | Palisade Wall |
| 9:12 | Build | Palisade Wall |
| 9:13 | Build | Palisade Wall |
| 9:16 | Build | Palisade Wall |
| 9:17 | Build | Palisade Wall |
| 9:23 | Create | Villager (Male) |
| 9:26 | Research | Double-Bit Axe |
| 9:28 | Create | Villager (Male) |
| 9:34 | Build | Palisade Wall |
| 9:40 | Create | Villager (Male) |
| 9:50 | Build | Palisade Wall |
| 10:03 | Create | Villager (Male) |
| 10:07 | Build | Archery Range |
| 10:21 | Create | Villager (Male) |
| 10:36 | Create | Villager (Male) |
| 10:52 | Create | Villager (Male) |
| 11:02 | Build | House |
| 11:03 | Create | Archer |
| 11:03 | Create | Archer |
| 11:05 | Create | Villager (Male) |
| 11:19 | Build | Palisade Wall |
| 11:25 | Create | Villager (Male) |
| 11:37 | Build | Archery Range |
| 11:48 | Build | House |
| 11:48 | Create | Villager (Male) |
| 11:52 | Build | House |
| 12:01 | Build | Palisade Wall |
| 12:05 | Create | Villager (Male) |
| 12:16 | Create | Archer |
| 12:17 | Create | Archer |
| 12:17 | Create | Archer |
| 12:19 | Create | Villager (Male) |
| 12:38 | Build | Blacksmith |
| 12:45 | Create | Villager (Male) |
| 12:46 | Create | Archer |
| 12:46 | Create | Archer |
| 13:02 | Create | Archer |
| 13:02 | Create | Archer |
| 13:03 | Create | Archer |
| 13:04 | Create | Villager (Male) |
| 13:05 | Create | Villager (Male) |
| 13:08 | Build | House |
| 13:31 | Build | Mill |
| 13:46 | Research | Fletching |
| 14:04 | Build | Palisade Wall |
| 14:09 | Build | House |
| 14:13 | Create | Archer |
| 14:13 | Create | Archer |
| 14:14 | Create | Archer |
| 14:14 | Create | Archer |
| 14:23 | Build | Palisade Wall |
| 14:24 | Build | Palisade Wall |
| 14:58 | Create | Archer |
| 14:58 | Create | Archer |
| 14:58 | Create | Archer |
| 14:58 | Create | Archer |
| 15:13 | Build | Farm |
| 15:13 | Build | Farm |
| 15:14 | Build | Farm |
| 15:14 | Build | Farm |
| 15:14 | Build | Farm |
| 15:14 | Build | Farm |
| 15:16 | Create | Archer |
| 15:17 | Create | Archer |
| 15:17 | Create | Archer |
| 15:20 | Create | Villager (Male) |
| 15:20 | Create | Villager (Male) |
| 15:23 | Build | Farm |
| 15:24 | Build | Farm |
| 15:24 | Build | Farm |
| 15:24 | Build | Farm |
| 15:24 | Build | Farm |
| 15:25 | Build | Farm |
| 15:25 | Build | Farm |
| 15:53 | Create | Archer |
| 15:53 | Create | Archer |
| 15:53 | Create | Archer |
| 16:20 | Build | Farm |
| 16:20 | Create | Villager (Male) |
| 16:20 | Create | Villager (Male) |
| 16:36 | Create | Villager (Male) |
| 16:37 | Create | Archer |
| 16:38 | Create | Archer |
| 16:38 | Create | Archer |
| 16:38 | Create | Archer |
| 16:52 | Build | Farm |
| 16:52 | Build | Farm |
| 16:52 | Build | Farm |
| 16:52 | Build | Farm |
| 16:53 | Build | Farm |
| 16:53 | Build | Farm |
| 16:53 | Build | Farm |
Match timeline
| 1:45 | PomPom · first_building Barracks |
| 6:39 | CORP | Diego_Corsant · wall_segment Palisade Wall x1 |
| 6:41 | CORP | Diego_Corsant · wall_segment Palisade Wall x1 |
| 8:08 | CORP | Diego_Corsant · wall_segment Palisade Wall x1 |
| 8:29 | CORP | Diego_Corsant · first_building Barracks |
| 8:34 | CORP | Diego_Corsant · age_up feudal |
| 9:10 | CORP | Diego_Corsant · wall_segment Palisade Wall x1 |
| 9:12 | CORP | Diego_Corsant · wall_segment Palisade Wall x1 |
| 9:13 | CORP | Diego_Corsant · wall_segment Palisade Wall x1 |
| 9:16 | CORP | Diego_Corsant · wall_segment Palisade Wall x1 |
| 9:17 | CORP | Diego_Corsant · wall_segment Palisade Wall x1 |
| 9:34 | CORP | Diego_Corsant · wall_segment Palisade Wall x1 |
| 9:50 | CORP | Diego_Corsant · wall_segment Palisade Wall x1 |
| 10:07 | CORP | Diego_Corsant · first_building Archery Range |
| 11:10 | PomPom · wall_segment Palisade Wall x8 |
| 11:19 | CORP | Diego_Corsant · wall_segment Palisade Wall x1 |
| 11:26 | PomPom · wall_segment Palisade Wall x4 |
| 11:32 | PomPom · wall_segment Palisade Wall x4 |
| 12:01 | CORP | Diego_Corsant · wall_segment Palisade Wall x1 |
| 12:20 | PomPom · age_up feudal |
| 13:30 | PomPom · wall_segment Palisade Wall x3 |
| 14:04 | CORP | Diego_Corsant · wall_segment Palisade Wall x1 |
| 14:23 | CORP | Diego_Corsant · wall_segment Palisade Wall x1 |
| 14:24 | CORP | Diego_Corsant · wall_segment Palisade Wall x1 |
| 14:26 | PomPom · wall_segment Palisade Wall x8 |
| 15:08 | PomPom · first_building Archery Range |
| 16:56 | PomPom · resign |
[ AI ANALYSIS · 1 CREDIT ]
What really happened in this match?
Wolo.gg analyzes every decision: build order, eco, micro, common mistakes by bracket. Personalized analysis on WhatsApp or Discord in 30 seconds.
Civ guide
Incas
Perfil
PomPom